[Event "Early-Titled-Tuesday-Blitz-May-07-2024"]
[Site "Chess.com"]
[Date "2024.05.07"]
[Round "1"]
[White "wonderfultime"]
[Black "Sjakkerntobi"]
[Result "1-0"]
[WhiteElo "3096"]
[BlackElo "2538"]
[TimeControl "180+1"]
[EndTime "8:06:40 PDT"]
[Termination "wonderfultime won by resignation"]

1. d4 d5 2. Nf3 Nf6 3. Bf4 c5 4. c3 Nc6 5. e3 Bg4 6. Qb3 Qb6 7. dxc5 Qxb3 8. axb3 Bxf3 9. gxf3 e5 10. Bg3 Bxc5 11.
b4 Bd6 12. Nd2 O-O 13. e4 Rfe8 14. Bh3 a6 15. O-O Rad8 16. Rfd1 dxe4 17. fxe4 Nh5 18. Nc4 Bc7 19. Bd7 Rf8 20. Bxc6 Nxg3 21. Rxd8 Rxd8 22. hxg3 bxc6 23. Rxa6 Rd1+ 24. Kg2 g6 25. Rxc6 Bd8 26. b5 Kf8 27. b6 Rd7 28. Nxe5 Rb7 29. Rc8 Ke8 30.
Nc6 Kd7 31. Nxd8 Kxc8 32. Nxb7 Kxb7 33. e5 Kxb6 34. f4 Kc5 35. b3 Kd5 36. Kf3 h5 37. Ke3 Kc5 38. Ke4 1-0

[Event "Early-Titled-Tuesday-Blitz-May-07-2024"]
[Site "Chess.com"]
[Date "2024.05.07"]
[Round "1"]
[White "scarabee43"]
[Black "ccccvhhhj"]
[Result "1-0"]
[WhiteElo "2838"]
[BlackElo "2472"]
[TimeControl "180+1"]
[EndTime "8:06:41 PDT"]
[Termination "scarabee43 won on time"]

1. Nf3 d5 2. e3 c6 3. b3 Bg4 4. Bb2 Nf6 5. Be2 Nbd7 6. O-O e6 7. c4 Be7 8. h3 Bh5 9. Nc3 O-O 10. d4 Ne4 11. Nxe4 dxe4 12. Nd2 Bg6 13. a4 a5 14. Ba3 c5 15. Nb1 cxd4 16. exd4 Nf6 17. Nc3 Bxa3 18. Rxa3 Qd6 19. Nb5 Qf4 20. Qc1 Qh4 21. Qe3 Rad8 22. Ra2 h6 23. Rd2 Rd7 24. Rfd1 Rfd8 25. Kh2 Bf5 26. Nc3 g5 27. Kg1 g4 28. Qf4 h5 29.
g3 Qxh3 30. Bf1 Qxf1+ 31. Kxf1 Bg6 32. Qxf6 1-0

[Event "Early-Titled-Tuesday-Blitz-May-07-2024"]
[Site "Chess.com"]
[Date "2024.05.07"]
[Round "1"]
[White "EvgenyBurmakin"]
[Black "SharapovEvgeny"]
[Result "1/2-1/2"]
[WhiteElo "2349"]
[BlackElo "2626"]
[TimeControl "180+1"]
[EndTime "8:06:41 PDT"]
[Termination "Game drawn by repetition"]

1. e4 c5 2. Nc3 Nc6 3. Bb5 Nd4 4. Bc4 e6 5. Nge2 a6 6. a4 Nf6 7. O-O d5 8. exd5 exd5 9. Ba2 Nxe2+ 10. Nxe2 Be7 11.
d4 c4 12. Bf4 O-O 13. b3 b5 14.
bxc4 bxc4 15. c3 Bf5 16. Bb1 Bxb1 17. Rxb1 Bd6 18. Bxd6 Qxd6 19. Ng3 Rab8 20. Qf3 g6 21. h4 h5 22. Rfe1 Kg7 23. Qe3 Rxb1 24. Rxb1 Rb8 25.
Rxb8 Qxb8 26. f3 Qb1+ 27. Kh2 Qd3 28. Qe5 Qxc3 29. Nxh5+ gxh5 30. Qg5+ Kf8 31. Qxf6 Qd2 32. Qd8+ Kg7 33. Qxd5 c3 34. Qe5+ Kg6 35. Qe4+ Kh6 36. Qf5 Qxd4 37. g4 hxg4 38. fxg4 Qd2+ 39. Kh3 c2 40.
Qf6+ Kh7 41. Qxf7+ Kh8 42. Qf8+ Kh7 43. Qf7+ Kh8 44.
Qf8+ Kh7 45. Qf7+ 1/2-1/2

[Event "Early-Titled-Tuesday-Blitz-May-07-2024"]
[Site "Chess.com"]
[Date "2024.05.07"]
[Round "1"]
[White "FairChess_on_YouTube"]
[Black "StankovicIvan"]
[Result "1-0"]
[WhiteElo "3077"]
[BlackElo "2534"]
[TimeControl "180+1"]
[EndTime "8:06:42 PDT"]
[Termination "FairChess_on_YouTube won by resignation"]

1. d4 d5 2. c4 c6 3. Nf3 Nf6 4. Qc2 a6 5. cxd5 cxd5 6. Bf4 Nc6 7. e3 g6 8. Nc3 Bg7 9. Be2 O-O 10. h3 Bf5 11.
Qb3 Na5 12. Qd1 b5 13. O-O Rc8 14. Rc1 Ne4 15. Nxe4 Bxe4 16. b3 Qb6 17. Qd2 Nc6 18. Bg3 Qa5 19. Qxa5 Nxa5 20. Bc7 Nb7 21. a4 Nd6 22. Bxd6 exd6 23. axb5 axb5 24. Bxb5 Rb8 25. Ba4 Rfc8 26. Nd2 Bd3 27. Rfe1 Bf6 28. Bd7 Rxc1 29. Rxc1 Bd8 30. Ra1 Kf8 31. Bc6 Rc8 32. Bxd5 Rc2 33. Nc4 Bh4 34. g3 Be7 35. Ra8+ Kg7 36. Ra7 Kf6 37.
h4 h5 38. Nxd6 Rc1+ 39. Kg2 Bf1+ 40. Kf3 Rc2 41. Ne4+ 1-0

[Event "Early-Titled-Tuesday-Blitz-May-07-2024"]
[Site "Chess.com"]
[Date "2024.05.07"]
[Round "1"]
[White "maHmoUd-S-haddAd-M"]
[Black "Iskusnyh"]
[Result "0-1"]
[WhiteElo "2295"]
[BlackElo "2618"]
[TimeControl "180+1"]
[EndTime "8:06:42 PDT"]
[Termination "Iskusnyh won by resignation"]

1. e4 e6 2. d4 d5 3. Bd3 c5 4. exd5 exd5 5. c3 Nc6 6. Nf3 Nf6 7. O-O Bd6 8. dxc5 Bxc5 9. Re1+ Be6 10. h3 O-O 11.
Bg5 Qb6 12. Qc2 Ne4 13. Rxe4 dxe4 14. Bxe4 h6 15. Bh4 Rfe8 16. Nbd2 Qc7 17. Bg3 Qxg3 18. Nb3 Bxh3 19. Nfd4 Bxd4 20. cxd4 Qg5 21. Kh2 Qf4+ 22. Kxh3 Rxe4 23. g3 Qf3 24. Nd2 Qh5+ 25. Kg2 Re2 26.
Qd3 Qd5+ 27. Nf3 Rae8 28. Kf1 R8e3 29. Qxe2 Rxe2 30. Kxe2 Qe4+ 31. Kd2 Qxf3 32. Re1 Qxf2+ 33. Re2 Qxd4+ 34. Kc1 Nb4 0-1

[Event "Early-Titled-Tuesday-Blitz-May-07-2024"]
[Site "Chess.com"]
[Date "2024.05.07"]
[Round "1"]
[White "db-banana"]
[Black "GMAkobianSTL"]
[Result "0-1"]
[WhiteElo "2453"]
[BlackElo "2803"]
[TimeControl "180+1"]
[EndTime "8:06:44 PDT"]
[Termination "GMAkobianSTL won by resignation"]

1. e4 d6 2. d4 Nf6 3. Nc3 c6 4. Be2 Qc7 5. Be3 e5 6. h3 Be7 7. Nf3 O-O 8. Qd2 Nbd7 9. O-O-O b5 10. Bd3 b4 11. Ne2 a5 12. g4 c5 13. dxe5 dxe5 14.
g5 c4 15. gxf6 Nxf6 16. Kb1 cxd3 17. cxd3 Rd8 18. Ng3 g6 19. h4 Bg4 20. Ng5 Bxd1 21. Qxd1 Qd7 22. d4 exd4 23. Bf4 a4 24. h5 Qg4 25. Qd2 b3 26. a3 Nxh5 27. Nxh5 Bxg5 28.
Ka1 Bxf4 29. Nxf4 Qg5 30. f3 h5 31. Qh2 Rac8 32. Nd5 Rc1+ 0-1

[Event "Early-Titled-Tuesday-Blitz-May-07-2024"]
[Site "Chess.com"]
[Date "2024.05.07"]
[Round "1"]
[White "andrew-blr"]
[Black "Shiner22"]
[Result "1-0"]
[WhiteElo "2607"]
[BlackElo "2272"]
[TimeControl "180+1"]
[EndTime "8:06:45 PDT"]
[Termination "andrew-blr won on time"]

1. d4 Nf6 2. c4 e6 3. Nc3 Bb4 4. a3 Bxc3+ 5. bxc3 c5 6. f3 d5 7. cxd5 exd5 8. e3 O-O 9. Bd3 Nc6 10. Ne2 Re8 11. O-O b6 12. Ng3 h5 13. Ra2 g5 14. Re2 h4 15. Nh1 Kg7 16. Bb2 c4 17. Bb1 Be6 18. Bc1 Nh5 19. Nf2 Qe7 20. e4 Qd8 21.
Qc2 dxe4 22. fxe4 Ne7 23. Bxg5 f6 24. Bxh4 Ng6 25. Bg3 Nxg3 26. hxg3 Rh8 27. Nd1 Rh6 28. Ne3 Qh8 29. Nf5+ Bxf5 30. exf5 Rh1+ 31. Kf2 Rxf1+ 32. Kxf1 Qh1+ 33. Kf2 Nh4 34. gxh4 Qxh4+ 35. Kg1 Rh8 36. Re3 Qh1+ 37. Kf2 Rh2 38. Rg3+ Kf7 39. Qe4 Rxg2+ 40. Rxg2 Qh7 41. Ba2 b5 42. a4 a6 43. axb5 1-0

[Event "Early-Titled-Tuesday-Blitz-May-07-2024"]
[Site "Chess.com"]
[Date "2024.05.07"]
[Round "1"]
[White "JiaHaoxiang"]
[Black "NowInChess"]
[Result "1-0"]
[WhiteElo "2591"]
[BlackElo "2252"]
[TimeControl "180+1"]
[EndTime "8:06:45 PDT"]
[Termination "JiaHaoxiang won on time"]

1. e4 e6 2. d4 d5 3. e5 c5 4. c3 Nc6 5. Nf3 Qb6 6. a3 f6 7. exf6 Nxf6 8. b4 cxd4 9. cxd4 Bd6 10. Bd3 O-O 11. O-O Bd7 12. Nc3 Rae8 13. Na4 Qc7 14. Nc5 b6 15. Nxd7 Qxd7 16. h3 Bb8 17. Re1 e5 18. dxe5 Nxe5 19. Nxe5 Rxe5 20. Rxe5 Bxe5 21. Ra2 Bb8 22. Re2 Qc7 23. g3 Nh5 24. Re3 Qf7 25. Qe2 g6 26. Bb2 Bd6 27. Kg2 Bf4 28. Rf3 Qc7 29.
Qe6+ Rf7 30. Qxd5 Bd6 31. Bc4 Nf6 32. Rxf6 1-0

[Event "Early-Titled-Tuesday-Blitz-May-07-2024"]
[Site "Chess.com"]
[Date "2024.05.07"]
[Round "1"]
[White "sakkikuska"]
[Black "Firouzja2003"]
[Result "0-1"]
[WhiteElo "2543"]
[BlackElo "3203"]
[TimeControl "180+1"]
[EndTime "8:06:46 PDT"]
[Termination "Firouzja2003 won by resignation"]

1. e4 c5 2. Nf3 d6 3. d4 cxd4 4. Nxd4 Nf6 5. f3 e5 6. Nb3 a5 7. Nc3 Be7 8. Be3 O-O 9. Be2 a4 10. Nd2 Be6 11. Nc4 Ra6 12. Na3 Rc6 13. Bb5 Rxc3 14.
bxc3 d5 15. Nb1 Qa5 16. Bd3 dxe4 17. Bxe4 Rd8 18. Qe2 Nxe4 19. fxe4 b5 20. O-O Bc4 21. Qf2 Bxf1 22. Qxf1 Na6 23. Qe2 Nc5 24. Bxc5 Bxc5+ 25. Kh1 h6 26. g3 Rd6 27. Kg2 Qd8 28. h4 Rd1 29.
Qxb5 Rg1+ 30. Kh2 Bf2 31. Qe2 Qf6 32. Nd2 Rxa1 33. Nf3 Bc5 34. Qd3 Bf8 35. g4 Qf4+ 36. Kg2 Qxg4+ 0-1

[Event "Early-Titled-Tuesday-Blitz-May-07-2024"]
[Site "Chess.com"]
[Date "2024.05.07"]
[Round "1"]
[White "bazar-wokzal"]
[Black "kritipatel"]
[Result "1-0"]
[WhiteElo "2574"]
[BlackElo "2175"]
[TimeControl "180+1"]
[EndTime "8:06:47 PDT"]
[Termination "bazar-wokzal won by checkmate"]

1. e4 e5 2. Bc4 Nf6 3. d3 Nc6 4. Nf3 Bc5 5. Bg5 h6 6. Bh4 O-O 7. Nc3 Be7 8. Qe2 d6 9. h3 Be6 10. g4 Nd7 11. Bxe7 Qxe7 12. Nd5 Bxd5 13. Bxd5 Nd4 14.
Nxd4 exd4 15. f4 c6 16. Bb3 Nc5 17. h4 Nxb3 18. axb3 Rfe8 19. g5 d5 20. e5 f6 21.
gxf6 gxf6 22. Rg1+ Kh7 23. O-O-O fxe5 24. fxe5 Qxe5 25. Qg4 Rg8 26. Qd7+ Rg7 27. Rxg7+ Qxg7 28. Qf5+ Qg6 29. Qf4 a5 30. Qxd4 Qd6 31. Qb6 Qe7 32. h5 Ra6 33. Qf2 Qg5+ 34. Kb1 Qxh5 35. Re1 Qg5 36.
Re8 Qg6 37. Qf8 Qg1+ 38. Ka2 Qg5 39. Re7+ Kg6 40. Qf7# 1-0

[Event "Early-Titled-Tuesday-Blitz-May-07-2024"]
[Site "Chess.com"]
[Date "2024.05.07"]
[Round "1"]
[White "NovoselovRoman"]
[Black "Pertinhez76"]
[Result "1-0"]
[WhiteElo "2566"]
[BlackElo "2144"]
[TimeControl "180+1"]
[EndTime "8:06:47 PDT"]
[Termination "NovoselovRoman won by resignation"]

1. e4 e6 2. d4 d5 3. Nc3 Nf6 4. exd5 exd5 5. Bd3 Be7 6. Nge2 O-O 7. Bg5 Nc6 8. a3 Re8 9. Qd2 a6 10. O-O Bg4 11. Nf4 h6 12. Bxf6 Bxf6 13. Ncxd5 Nxd4 14. h3 Be6 15. Nxf6+ Qxf6 16. Rad1 Rad8 17. Nh5 Qg5 18. Qxg5 hxg5 19. Ng3 g6 20. Ne4 g4 21. Nf6+ Kg7 22.
Nxe8+ Rxe8 23. hxg4 Bxg4 24. f3 Bc8 25. Rfe1 Rd8 26.
Re7 Ne6 27. Re1 Kf6 28. R1xe6+ Bxe6 29. Rxc7 Rd7 30. Rxd7 Bxd7 31. Kf2 Ke5 32. Ke3 g5 33. g3 f5 34. f4+ gxf4+ 35. gxf4+ Kd5 36. Be2 b5 37. Bf3+ Kc5 38. Kd3 a5 39. b3 Be6 40. Bh5 Bd5 41.
Bg6 Be4+ 42. Kc3 b4+ 43. axb4+ axb4+ 44. Kd2 Kd4 45. Bh7 Kd5 46. c3 Kc5 47. Bg8 Bb1 48. cxb4+ Kxb4 49. Ke3 Kc5 50. Be6 Be4 51. b4+ Kxb4 52.
Kd4 Kb5 53. Ke5 Kc6 54. Bxf5 Bd5 55. Be4 Bxe4 56. Kxe4 Kd7 57. Kf5 Ke8 58. Kg6 Kf8 59. Kf6 Kg8 60. Ke7 Kg7 61. f5 Kg8 62. f6 Kh8 63. f7 Kg7 64. f8=Q+ Kh7 65. Qf7+ Kh8 66. Qf6+ Kh7 67. Qg5 1-0

[Event "Early-Titled-Tuesday-Blitz-May-07-2024"]
[Site "Chess.com"]
[Date "2024.05.07"]
[Round "1"]
[White "DeArron_Fox"]
[Black "mbojan"]
[Result "1/2-1/2"]
[WhiteElo "2519"]
[BlackElo "2918"]
[TimeControl "180+1"]
[EndTime "8:06:48 PDT"]
[Termination "Game drawn by repetition"]

1. d4 a6 2. e4 e6 3. c4 d5 4.
cxd5 exd5 5. e5 c5 6. Nf3 Nc6 7. h3 cxd4 8. Bd3 Bc5 9. O-O Nge7 10. Bg5 Be6 11. Nbd2 Qd7 12. Rc1 Ba7 13. Nb3 O-O 14.
Bb1 Rac8 15. Nc5 Bxc5 16. Rxc5 Bf5 17. Bxe7 Nxe7 18. Rxc8 Rxc8 19. Nxd4 Bxb1 20. Qxb1 Nc6 21. Nxc6 bxc6 22. Qd3 a5 23. Rc1 c5 24. b3 d4 25. Rc4 g6 26. Qc2 Qd5 27. f4 d3 28.
Qd2 Rd8 29. Rc1 Qd4+ 30. Qf2 d2 31. Rd1 Qc3 32. f5 Qc1 33. Qf3 gxf5 34. Kh2 Kh8 35. Qxf5 Qxd1 36. Qf6+ Kg8 37. Qxd8+ Kg7 38. Qg5+ Kf8 39.
Qd8+ Kg7 40. Qg5+ Kf8 41. Qd8+ Kg7 1/2-1/2

[Event "Early-Titled-Tuesday-Blitz-May-07-2024"]
[Site "Chess.com"]
[Date "2024.05.07"]
[Round "1"]
[White "DenisQ"]
[Black "AsaHoffmann"]
[Result "1-0"]
[WhiteElo "2725"]
[BlackElo "2411"]
[TimeControl "180+1"]
[EndTime "8:06:49 PDT"]
[Termination "DenisQ won by resignation"]

1. Nf3 d6 2. c4 e5 3. Nc3 Nf6 4. g3 c6 5. Bg2 Be7 6. O-O O-O 7. b4 Be6 8. d3 h6 9. b5 Qd7 10. Rb1 Bh3 11. bxc6 bxc6 12. c5 Bxg2 13. Kxg2 Na6 14. cxd6 Bxd6 15. Nd2 Rab8 16. Rxb8 Rxb8 17. Nc4 Bc7 18.
Bd2 Nc5 19. Qc2 Ne6 20. Rb1 Rxb1 21. Qxb1 Nd5 22. Qb7 Nxc3 23. Bxc3 Qd5+ 24. f3 a5 25. Qa8+ Kh7 26. Bxa5 Bxa5 27. Qxa5 c5 28. a4 Nd4 29. Qd2 f5 30. Qe3 Nc6 31. a5 g5 32. h3 Kg6 33. g4 fxg4 34. hxg4 Kf6 35. a6 Qd4 36. Qxd4 exd4 37. Na5 Na7 38. Nb3 c4 39. dxc4 Ke5 40. Kf2 Nc6 41. Ke1 Kf4 42. Nxd4 1-0

[Event "Early-Titled-Tuesday-Blitz-May-07-2024"]
[Site "Chess.com"]
[Date "2024.05.07"]
[Round "1"]
[White "mortngabriel"]
[Black "baki83"]
[Result "0-1"]
[WhiteElo "2508"]
[BlackElo "2921"]
[TimeControl "180+1"]
[EndTime "8:06:50 PDT"]
[Termination "baki83 won on time"]

1. e4 c5 2. Nf3 d6 3. Bb5+ Bd7 4.
Bxd7+ Qxd7 5. c4 e5 6. O-O Nc6 7. Nc3 Be7 8. d3 Bd8 9. a3 Nge7 10. Rb1 Ba5 11. Bd2 Bxc3 12. Bxc3 O-O 13. b4 f6 14. Ne1 Ng6 15. Nc2 f5 16. f3 f4 17. Rb2 Rab8 18.
a4 Nd8 19. a5 Ne6 20. Na3 Nc7 21. Nb1 b5 22. bxc5 dxc5 23. cxb5 Nxb5 24. Qa4 a6 25. Qc4+ Kh8 26. Be1 Na3 27. Qc1 Qd4+ 28. Bf2 Qxb2 29. Qxb2 Rxb2 30. Nxa3 Rb3 31. Nc4 Rxd3 32. Bxc5 Rc8 33.
Rb1 h6 0-1

[Event "Early-Titled-Tuesday-Blitz-May-07-2024"]
[Site "Chess.com"]
[Date "2024.05.07"]
[Round "1"]
[White "Nemegejas"]
[Black "Ramla2020"]
[Result "1-0"]
[WhiteElo "2786"]
[BlackElo "2441"]
[TimeControl "180+1"]
[EndTime "8:06:50 PDT"]
[Termination "Nemegejas won by checkmate"]

1. d4 Nf6 2. Nf3 d5 3. e3 Bg4 4.
h3 Bh5 5. c4 e6 6. Nc3 Nc6 7.
Qb3 Na5 8. Qa4+ c6 9. cxd5 exd5 10. Ne5 Bd6 11. g4 Bg6 12. h4 Bxe5 13. dxe5 Ne4 14.
Nxe4 Bxe4 15. Rh3 b5 16. Qb4 h5 17. gxh5 Nc4 18. Qc3 Rc8 19. b3 Nb6 20. Ba3 Rxh5 21. e6 f6 22. Qc5 Rh8 23. Rg3 Qc7 24. Be2 a5 25. Bh5+ g6 26. Rxg6 Kd8 27. Rxf6 Re8 28. e7+ Qxe7 29. Qxb6+ Qc7 30. Rd6+ Ke7 31. Rxc6+ Kd7 32.
Bg4+ Kd8 33. Rd6+ Ke7 34. Rd7# 1-0

[Event "Early-Titled-Tuesday-Blitz-May-07-2024"]
[Site "Chess.com"]
[Date "2024.05.07"]
[Round "1"]
[White "BeautiFullMindChess"]
[Black "AcostaPablo"]
[Result "0-1"]
[WhiteElo "2272"]
[BlackElo "2609"]
[TimeControl "180+1"]
[EndTime "8:06:50 PDT"]
[Termination "AcostaPablo won by resignation"]

1. e4 e6 2. d4 d5 3. e5 c5 4. c3 Nc6 5. Nf3 Nge7 6. Bd3 Qb6 7. O-O Bd7 8. Re1 Ng6 9. h4 Be7 10. g3 cxd4 11. h5 Nf8 12. Nbd2 dxc3 13. bxc3 h6 14. Rb1 Qc7 15. c4 Rd8 16. Qe2 b6 17. a3 Nh7 18.
cxd5 exd5 19. Nb3 Ng5 20. Nfd4 Ne6 21. Nf5 O-O 22. f4 Nc5 23. Bc2 Bxf5 24. Bxf5 Nxb3 25.
Rxb3 Nd4 26. Qd3 Nxb3 27. Qxb3 Bc5+ 28. Kg2 d4 29. Be4 d3 30. Bd2 Qd7 31. Rd1 Qd4 32. Rf1 Qxe4+ 0-1

[Event "Early-Titled-Tuesday-Blitz-May-07-2024"]
[Site "Chess.com"]
[Date "2024.05.07"]
[Round "1"]
[White "tandaleo"]
[Black "klercaku"]
[Result "1-0"]
[WhiteElo "2598"]
[BlackElo "2261"]
[TimeControl "180+1"]
[EndTime "8:06:50 PDT"]
[Termination "tandaleo won by resignation"]

1. d4 d5 2. Nd2 e6 3. Ngf3 Nf6 4. e3 Nbd7 5. Bd3 c5 6. b3 cxd4 7. exd4 Be7 8. O-O O-O 9. Bb2 Re8 10. Ne5 Nf8 11. f4 Ng6 12. g4 Bd6 13. g5 Nd7 14.
Qh5 Ndxe5 15. fxe5 Be7 16. Rxf7 Bxg5 17. Bxg6 hxg6 18. Qxg6 Bh6 19. Raf1 Qg5+ 20. Qxg5 Bxg5 21. Bc3 Bf6 22. Rc7 Bd8 23. Rcf7 Bf6 24. R7xf6 gxf6 25. exf6 Kf7 26. Nf3 Kxf6 27. Ne5+ Kg5 28. Bd2+ Kh5 29. Rf7 Rh8 30. Rg7 b6 31. Rg5+ Kh6 32.
Nf7+ Kh7 33. Rh5+ Kg6 34. Rxh8 Kxf7 35. Bf4 Bb7 36. Rh7+ Kg6 37. Rxb7 Kf5 38. Be5 Ke4 39. h4 Rg8+ 40. Rg7 Rh8 41. Rg4+ Kf5 42. Bxh8 Kxg4 43.
Bf6 1-0

[Event "Early-Titled-Tuesday-Blitz-May-07-2024"]
[Site "Chess.com"]
[Date "2024.05.07"]
[Round "1"]
[White "DvaHrasta"]
[Black "Suleyman_Chess06"]
[Result "0-1"]
[WhiteElo "2443"]
[BlackElo "2787"]
[TimeControl "180+1"]
[EndTime "8:06:51 PDT"]
[Termination "Suleyman_Chess06 won on time"]

1. c4 e6 2. g3 Nf6 3. Bg2 d5 4. d4 Be7 5. Nf3 dxc4 6. O-O O-O 7. Na3 Bxa3 8. bxa3 c6 9. a4 Nd5 10. Ba3 Re8 11.
Ne5 c3 12. e4 Nf6 13. Rc1 Qa5 14. Nc4 Qa6 15. Rxc3 Rd8 16. Re1 Nbd7 17. Bf1 b5 18.
axb5 cxb5 19. Nd6 Qa5 20. Qb3 Ba6 21. Rec1 Nb6 22. Rc7 Nc4 23. Nxc4 Qxc7 24. Nd6 Qd7 25. Bb4 h6 26. Bg2 Bb7 27. Nxb7 Qxb7 28. Qe3 Rac8 29. Bc5 Nd7 30. e5 Qa6 31. a3 Nxc5 32. dxc5 Qa5 33. c6 Qd2 34. Qxd2 Rxd2 35. Bf1 a6 36. a4 Rd5 37. axb5 axb5 38. f4 b4 0-1

[Event "Early-Titled-Tuesday-Blitz-May-07-2024"]
[Site "Chess.com"]
[Date "2024.05.07"]
[Round "1"]
[White "YaWaleriy"]
[Black "PavelShkapenko"]
[Result "0-1"]
[WhiteElo "2404"]
[BlackElo "2720"]
[TimeControl "180+1"]
[EndTime "8:06:51 PDT"]
[Termination "PavelShkapenko won on time"]

1. d3 d5 2. Nd2 Nf6 3. Ngf3 Bg4 4.
e3 Nbd7 5. Be2 e5 6. O-O Bd6 7. h3 Bh5 8. b3 O-O 9. Bb2 Qe7 10.
Nh4 Bxe2 11. Qxe2 Qe6 12. e4 Rfe8 13. Nf5 Bf8 14. Rfd1 c6 15. c4 Nc5 16. cxd5 cxd5 17. Ng3 Qa6 18. exd5 Qxd3 19. Nc4 Qxe2 20. Nxe2 Nfd7 21.
Rac1 Rac8 22. Ng3 g6 23. f3 f5 24. Kf2 h5 25. Nf1 e4 26. fxe4 Nxe4+ 27. Kf3 Bc5 28. Na5 Kh7 0-1

[Event "Early-Titled-Tuesday-Blitz-May-07-2024"]
[Site "Chess.com"]
[Date "2024.05.07"]
[Round "1"]
[White "s_stefi"]
[Black "Pedrada88"]
[Result "0-1"]
[WhiteElo "1911"]
[BlackElo "2550"]
[TimeControl "180+1"]
[EndTime "8:06:51 PDT"]
[Termination "Pedrada88 won on time"]

1. e4 c6 2. d3 d5 3. Nd2 e5 4.
Ngf3 Bd6 5. g3 Nf6 6. Bg2 O-O 7. O-O Re8 8. Qe2 Nbd7 9. c3 b6 10. Ne1 Bb7 11. h4 Qc7 12. g4 Kh8 13. g5 Ng8 14.
Qh5 g6 15. Qf3 Nf8 16. h5 Ne6 17. Nb3 dxe4 18. dxe4 Nf4 19. hxg6 fxg6 20. Bxf4 exf4 21. Nd3 c5 22. Nd2 Rad8 23. Rad1 c4 24. Nb4 Bxb4 25.
cxb4 Rd3 26. Qg4 Bc8 27. Qe2 b5 28. a4 a6 29. axb5 axb5 30. Rfe1 Qd8 31. Nf3 Bg4 32. Rxd3 cxd3 33. Qd2 Ne7 34. Qc3+ Kg8 35. Qf6 Rf8 36. Qc3 Nc6 37. Rd1 Bxf3 38. Qxd3 Bxd1 39. Qxd8 Rxd8 40. e5 Nxe5 0-1

[Event "Early-Titled-Tuesday-Blitz-May-07-2024"]
[Site "Chess.com"]
[Date "2024.05.07"]
[Round "1"]
[White "akanga001"]
[Black "Semetey"]
[Result "0-1"]
[WhiteElo "2165"]
[BlackElo "2572"]
[TimeControl "180+1"]
[EndTime "8:06:52 PDT"]
[Termination "Semetey won on time"]

1. d4 d5 2. c4 c6 3. Nc3 Nf6 4. e3 a6 5. cxd5 cxd5 6. Bd3 Nc6 7. a3 Bg4 8. f3 Bd7 9. Nge2 e6 10. O-O Bd6 11. b4 O-O 12. Bb2 e5 13. dxe5 Nxe5 14. Nxd5 Nxd5 15. Bxh7+ Kxh7 16. Qxd5 Bc6 17. Qb3 Qh4 18. Ng3 Nc4 19. Qd3+ Kg8 20. Bd4 Bb5 21. a4 Ne5 22. Qc3 Bxf1 23. Bxe5 Bxe5 24. Qxe5 Bd3 25. Rd1 Rfd8 26. e4 Qf6 27. Qxf6 gxf6 28. Nf5 Kh7 0-1

[Event "Early-Titled-Tuesday-Blitz-May-07-2024"]
[Site "Chess.com"]
[Date "2024.05.07"]
[Round "1"]
[White "Budisavljevic"]
[Black "Kirillov_Andrey"]
[Result "1-0"]
[WhiteElo "2748"]
[BlackElo "2421"]
[TimeControl "180+1"]
[EndTime "8:06:54 PDT"]
[Termination "Budisavljevic won by resignation"]

1. b3 Nf6 2. Bb2 g6 3. g4 Bg7 4. g5 Nh5 5. Bxg7 Nxg7 6. Nc3 d5 7. e3 e5 8. h4 Nc6 9. Bg2 Be6 10. Nge2 h5 11. d4 exd4 12. Nxd4 Bg4 13. Qd2 O-O 14. Nxd5 Ne8 15. O-O Ne5 16. f4 c6 17. Nc3 Nd7 18.
f5 Nc7 19. f6 Qe8 20. Qf2 Qe5 21. Qf4 Rfe8 22. Rae1 Nc5 23. b4 Nd7 24. b5 c5 25.
Qxe5 Nxe5 26. Nb3 Rab8 27. Nxc5 Nc4 28. e4 Nd2 29. Rf2 b6 30. Nd3 Nc4 31. e5 Ne6 32.
Bd5 Rbc8 33. Bc6 Red8 34. Nd5 Rxc6 35. Ne7+ Kf8 36. bxc6 Nc7 37. Rf4 Be6 38. Rfe4 Nd2 39. Ra4 a5 40. Kf2 Nc4 41. Nf4 b5 42. Nxe6+ Nxe6 43. Rxc4 bxc4 44. Ke2 Nc7 45. Rd1 Ke8 46. Rxd8+ Kxd8 47. Ke3 Ne6 48. Ke4 Kc7 49. Kd5 Nf4+ 50. Kc5 Ne6+ 51.
Kb5 Nd4+ 52. Kxc4 Nxc2 53. e6 1-0

[Event "Early-Titled-Tuesday-Blitz-May-07-2024"]
[Site "Chess.com"]
[Date "2024.05.07"]
[Round "1"]
[White "JeFumeDesClopes"]
[Black "vedantgoswami"]
[Result "1-0"]
[WhiteElo "2676"]
[BlackElo "2381"]
[TimeControl "180+1"]
[EndTime "8:06:54 PDT"]
[Termination "JeFumeDesClopes won on time"]

1. Nf3 Nf6 2. g3 g6 3. b3 Bg7 4. Bb2 c5 5. c4 Nc6 6. Bg2 O-O 7. O-O d6 8. e3 Bg4 9. h3 Bf5 10. Nc3 Bd3 11. Re1 a6 12. Ne2 Nb4 13. Nf4 Bc2 14.
Qc1 e5 15. a3 exf4 16. axb4 Be4 17. exf4 Re8 18. bxc5 dxc5 19. Be5 Qb6 20. Qc3 Rad8 21. Re3 Bf5 22. d3 h5 23. Rae1 Re7 24. d4 cxd4 25.
Nxd4 Rde8 26. Nxf5 gxf5 27. Qc2 Ne4 28. Bxg7 Kxg7 29. Kh2 h4 30. gxh4 Qc7 31. Bxe4 Qxf4+ 32. Rg3+ Kf8 33. Qc3 Rxe4 34. Rg1 1-0

[Event "Early-Titled-Tuesday-Blitz-May-07-2024"]
[Site "Chess.com"]
[Date "2024.05.07"]
[Round "1"]
[White "Schattman"]
[Black "jefferyx"]
[Result "0-1"]
[WhiteElo "2539"]
[BlackElo "3122"]
[TimeControl "180+1"]
[EndTime "8:06:55 PDT"]
[Termination "jefferyx won on time"]

1. d4 Nf6 2. Bf4 d5 3. Nc3 e6 4. Nb5 Na6 5. e3 Be7 6. Nf3 O-O 7. h4 Ne4 8. Nd2 f5 9. Nxe4 fxe4 10. a3 c6 11. Nc3 Nb8 12. f3 Bxh4+ 13. Kd2 Bg5 14. Bxg5 Qxg5 15. f4 Qe7 16. Qh5 g6 17. Qh2 c5 18.
Ne2 Nc6 19. c3 Na5 20. Re1 Nc4+ 21. Kc1 Nxe3 22. dxc5 b6 23. c6 Ba6 24. Nd4 Nxf1 25. Rexf1 Bxf1 26. Rxf1 e5 27. Ne2 Rac8 28. Rd1 d4 29.
fxe5 dxc3 30. Nxc3 Rxc6 31. Kb1 Rxc3 32. bxc3 Qxa3 33. Qh3 Qb3+ 34. Kc1 a5 35. e6 Rc8 36. Kd2 Rd8+ 0-1

[Event "Early-Titled-Tuesday-Blitz-May-07-2024"]
[Site "Chess.com"]
[Date "2024.05.07"]
[Round "1"]
[White "francyIM"]
[Black "masterofpuppets2"]
[Result "1-0"]
[WhiteElo "2811"]
[BlackElo "2455"]
[TimeControl "180+1"]
[EndTime "8:06:56 PDT"]
[Termination "francyIM won by resignation"]

1. Nf3 d5 2. g3 Nd7 3. c4 dxc4 4. Na3 e5 5. Qc2 Bxa3 6. bxa3 Ngf6 7. Qxc4 O-O 8. d3 Re8 9. Bg2 Nb6 10. Qc2 Bf5 11. e4 Bg4 12. Nd2 Qe7 13. Nb3 Rad8 14. h3 Bc8 15.
O-O Qd6 16. Rd1 h6 17. Kh2 Nbd7 18. Be3 b6 19. d4 Bb7 20. dxe5 Qxe5 21. f3 c5 22. a4 Qe6 23. a5 Ne5 24. axb6 axb6 25. a4 Ba6 26. a5 Bd3 27. Qc3 Bc4 28. Rxd8 Rxd8 29. Bf4 Nc6 30. Nd2 b5 31. Nxc4 bxc4 32. a6 Ra8 33. Bf1 Nd4 34. Bxc4 Qb6 35. Kg2 Nd7 36. Ra2 g5 37. Rb2 Qf6 38. Bc7 Ne5 39.
Rb6 Qe7 40. Rb7 Qf6 41. Bxe5 Qxe5 42. Rxf7 Kh8 43. a7 1-0

[Event "Early-Titled-Tuesday-Blitz-May-07-2024"]
[Site "Chess.com"]
[Date "2024.05.07"]
[Round "1"]
[White "Oneofmyturns"]
[Black "RamonManon0g"]
[Result "1-0"]
[WhiteElo "2808"]
[BlackElo "2454"]
[TimeControl "180+1"]
[EndTime "8:06:56 PDT"]
[Termination "Oneofmyturns won by resignation"]

1. d4 Nf6 2. c4 g6 3. Nc3 d5 4. cxd5 Nxd5 5. e4 Nxc3 6. bxc3 c5 7. Be3 Bg7 8. Rc1 O-O 9. Qd2 Nc6 10. d5 Ne5 11. h3 b6 12. f4 Nd7 13. c4 Nf6 14.
Bd3 Bb7 15. Nf3 e6 16. e5 Nd7 17. dxe6 fxe6 18. O-O Qe7 19. Qc2 Rad8 20. Be4 Nb8 21. Rcd1 Nc6 22. a3 Na5 23. Bxb7 Qxb7 24. Ng5 Qc6 25. h4 Bh6 26. Nxh7 Kxh7 27. h5 Bg7 28. Qxg6+ Kg8 29. h6 Qb7 30. Qxe6+ Kh8 31. hxg7+ Qxg7 32. Rxd8 Rxd8 33. Rf3 Rd1+ 34. Kf2 1-0